 Dungeon Crawl Stone Soup version 0.24-a0-730-g011b83a (webtiles) character file.

Game seed: 8180924833561427615, levelgen mode: classic

3255 CancerousAlien the Slicer (level 9, 72/72 HPs)
             Began as a Vampire Gladiator on Aug 7, 2019.
             Quit the game on level 7 of the Dungeon on Oct 1, 2019.
             The game lasted 00:46:00 (22503 turns).

CancerousAlien the Slicer (Vampire Gladiator)      Turns: 22503, Time: 00:46:01

Health: 72/72      AC: 15    Str: 16    XL:     9   Next: 67%
Magic:  9/9        EV:  8    Int: 10    God:
Gold:   127        SH:  0    Dex: 16    Spells: 7/8 levels left

rFire    . . .     SeeInvis +   M - +2 rapier (venom)
rCold    + + .     Gourm    .   (no shield)
rNeg     . . .     Faith    .   i - +1 chain mail {rC+}
rPois    .         Spirit   +   c - +2 helmet
rElec    .         Reflect  .   (no cloak)
rCorr    .         Harm     .   (no gloves)
MR       .....                  t - +2 pair of boots
Stlth    ..........             H - amulet of guardian spirit
HPRegen  0.42/turn              D - ring of protection from cold
MPRegen  0.11/turn              (no ring)

@: regenerating quickly
A: no food, fangs 3, see invisible, unbreathing
a: Exsanguinate


You were on level 7 of the Dungeon.
You were alive.

You visited 2 branches of the dungeon, and saw 9 of its levels.

You collected 351 gold pieces.
You spent 224 gold pieces at shops.

Inventory:

Hand Weapons
 a - a +1 rapier
 x - a +0 hunting sling
 A - a +0 falchion
 M - a +2 rapier of venom (weapon)
Missiles
 d - 7 throwing nets
 r - 126 stones
 y - 12 boomerangs (quivered)
 I - 13 poisoned darts
 L - 3 silver javelins
Armour
 b - a +0 leather armour
 c - a +2 helmet (worn)
 i - a +1 chain mail of cold resistance (worn)
 l - a +0 ring mail
 n - a +0 pair of boots
 t - a +2 pair of boots (worn)
 u - a +0 scale mail
 F - a +0 chain mail
Jewellery
 D - a ring of protection from cold (left hand)
 H - an amulet of guardian spirit (around neck)
Wands
 G - a wand of iceblast (10)
 K - a wand of flame (30)
 O - a wand of random effects (15)
Scrolls
 e - a scroll of fear
 g - a scroll of random uselessness {unknown}
 k - 2 scrolls of enchant weapon
 o - a scroll of enchant armour
 p - 2 scrolls of remove curse {unknown}
 q - 2 scrolls of teleportation
 v - 2 scrolls of magic mapping
 C - 2 scrolls of amnesia
 J - a scroll of immolation {unknown}
Potions
 f - 2 potions of flight
 h - 4 potions of curing
 j - a potion of magic
 m - a potion of berserk rage
 s - a potion of lignification
 w - a potion of mutation
 z - 2 potions of haste
 B - 2 potions of brilliance
 E - 2 potions of might
 N - a potion of cancellation
 P - a potion of degeneration {unknown}


   Skills:
 - Level 7.1 Fighting
 - Level 10.3 Short Blades
 - Level 5.5 Throwing
 + Level 2.1 Armour
 - Level 3.2 Dodging


You had 7 spell levels left.
You knew the following spells:

 Your Spells              Type           Power        Failure   Level  Hunger
a - Confusing Touch       Hex            #.....       100%        1    N/A

Your spell library contained the following spells:

 Spells                   Type           Power        Failure   Level  Hunger
 Animate Skeleton         Necr           N/A          100%        1    N/A
 Apportation              Tloc           #.....       100%        1    N/A
 Summon Small Mammal      Summ           #...         100%        1    N/A

Dungeon Overview and Level Annotations

Branches:
Dungeon (8/15)             Temple (1/1) D:4
   Lair: D:8-11

Altars:
Cheibriados
Elyvilon
Fedhas
Hepliaklqana
Kikubaaqudgha
Makhleb
Nemelex Xobeh
Okawaru
Ru
Sif Muna
Trog
Uskayaw
Vehumet
Wu Jian
Xom
Yredelemnul
Zin
The Shining One

Shops:
D:7 *


Innate Abilities, Weirdness & Mutations

You do not eat.
Your natural rate of healing is unusually fast.
You have razor-sharp teeth.
You have supernaturally acute eyesight. (SInv)
You can survive without breathing.


Message History

* * * LOW HITPOINT WARNING * * *
You kill the jelly!
Your Armour skill increases to level 2!
You start resting.
You are no longer corroded.
You start resting.
Magic restored.
HP restored.
You start waiting.
Done waiting.
Saving game... please wait.
Welcome back, CancerousAlien the Vampire Gladiator.
Press ? for a list of commands and other information.
Welcome back, CancerousAlien the Vampire Gladiator.
Press ? for a list of commands and other information.
Welcome back, CancerousAlien the Vampire Gladiator.
Press ? for a list of commands and other information.
Welcome back, CancerousAlien the Vampire Gladiator.
Press ? for a list of commands and other information.
Are you sure you want to abandon this character and quit the game? (Confirm with "yes".)

#################################
...[.................>.#.........
.......................#.........
................@......#.........
....................)..#.........
.......................#.......รท.
....##################'#####..###
....####..##...............#..##.
.........(.#...............#.....
...........#...............#.....
...........+...............#.....
......####+#...............######


There were no monsters in sight!

Vanquished Creatures
  Harold (D:7)
  A hippogriff (D:8)
  4 hogs (D:7)
  A human (D:7)
  A water moccasin (D:7)
  3 phantoms
  An ogre (D:5)
  A wyvern zombie (D:7)
  2 bullfrogs
  A wyvern skeleton (D:7)
  A howler monkey (D:5)
  3 wights (D:7)
  4 crimson imps
  A bullfrog zombie (D:6)
  2 jellies
  2 hounds
  A centaur skeleton (D:5)
  An orc wizard (D:7)
  3 bullfrog skeletons
  An iguana (D:5)
  6 worker ants
  7 gnolls
  4 adders
  A shadow imp (D:7)
  5 worms
  3 dart slugs
  9 leopard geckos
  12 orcs
  4 giant cockroaches
  4 hobgoblins
  11 jackals
  5 kobolds
  4 quokkas
  3 ball pythons
  A ball python skeleton (D:4)
  7 bats
  6 frilled lizards
  7 goblins
  A jackal zombie (D:5)
  5 rats
140 creatures vanquished.

Notes
Turn   | Place    | Note
-------+----------+-------------------------------------------
     0 | D:1      | CancerousAlien the Vampire Gladiator began the quest for
                  | the Orb.
     0 | D:1      | Reached XP level 1. HP: 16/16 MP: 1/1
   310 | D:1      | Reached XP level 2. HP: 22/22 MP: 2/2
   324 | D:1      | Reached skill level 4 in Short Blades
  5046 | D:2      | Reached XP level 3. HP: 25/27 MP: 3/3
  5111 | D:2      | Found an ornate altar of the Wu Jian Council.
  5159 | D:2      | Found a glowing golden altar of the Shining One.
  5165 | D:2      | Reached skill level 5 in Short Blades
  6191 | D:3      | Found a shimmering altar of Xom.
  6191 | D:3      | Noticed an angel
  6254 | D:3      | Found a glowing silver altar of Zin.
  6283 | D:2      | Reached XP level 4. HP: 32/33 MP: 4/4
 11185 | D:4      | Found a staircase to the Ecumenical Temple.
 11186 | D:4      | Found a blossoming altar of Fedhas.
 11205 | Temple   | Entered the Ecumenical Temple
 11472 | D:4      | Reached skill level 6 in Short Blades
 12158 | D:4      | Found a snail-covered altar of Cheibriados.
 12231 | D:4      | Reached XP level 5. HP: 38/38 MP: 5/5
 12573 | D:5      | Entered Level 5 of the Dungeon
 13527 | D:5      | Reached skill level 7 in Short Blades
 13563 | D:5      | Noticed a phantom
 13620 | D:4      | Reached XP level 6. HP: 44/44 MP: 6/6
 13763 | D:4      | Reached skill level 8 in Short Blades
 14645 | D:5      | Reached XP level 7. HP: 44/49 MP: 7/7
 14888 | D:5      | Reached skill level 9 in Short Blades
 15365 | D:5      | Found a sparkling altar of Nemelex Xobeh.
 15535 | D:5      | Reached skill level 10 in Short Blades
 19463 | D:6      | Reached XP level 8. HP: 54/57 MP: 8/8
 19720 | D:7      | Found Uvvegh's Assorted Antiques.
 19727 | D:7      | Bought a glowing rapier for 224 gold pieces
 19984 | D:7      | Reached skill level 5 in Fighting
 20005 | D:7      | Reached XP level 9. HP: 23/72 MP: 4/9
 20689 | D:7      | Noticed Harold
 20712 | D:7      | Killed Harold
 20712 | D:7      | Reached skill level 5 in Throwing
 21094 | D:7      | Learned a level 1 spell: Confusing Touch
 21592 | D:8      | Reached skill level 1 in Armour
 22497 | D:7      | Upgraded the game from 0.24-a0-530-g18ba70b5 to
                  | 0.24-a0-535-gbb0d440
 22503 | D:7      | Upgraded the game from 0.24-a0-535-gbb0d440 to
                  | 0.24-a0-730-g011b83a
 22503 | D:7      | Quit the game

Levels and vault maps discovered:
D:1:      lemuel_arrival_rhombus, layout_basic
D:2:      layout_rooms, old_standard_altar, first_ration,
          nicolae_tso_carved_into_rock
D:3:      layout_rooms, grunt_temple_overflow_order_and_chaos_1
D:4:      layout_basic, kennysheep_slug_shrine, minmay_temple_entry_wispy,
          fedhas_altar_fruit_tree
D:5:      layout_gridville, nemelex_xobeh_ov_fountains_minmay
D:6:      layout_basic
D:7:      layout_gridville, serial_shops, kennysheep_little_box,
          grunt_livestock, uniq_harold
D:8:      gammafunk_jiyva_shrine, layout_basic, grunt_dithmenos_smoke,
          marbit_many_paths, dpeg_lair_monsters, grunt_gozag_statues,
          uniq_joseph
Temple:   minmay_temple_bridge_abc

Skill      XL: |  1  2  3  4  5  6  7  8  9 |
---------------+----------------------------+-----
Short Blades   | 4 5 6 7 8 10 | 10.3
Fighting       | 2 7 |  7.1
Throwing       | 5 |  5.5
Armour         | 2 |  2.1
Dodging        | |  3.2

Action                   |  1- 3 |  4- 6 |  7- 9 || total
-------------------------+-------+-------+-------++-------
Melee: Rapier            |   130 |   237 |   295 ||   662
       Bite              |    15 |    30 |    35 ||    80
 Fire: Hunting sling     |       |    11 |       ||    11
Throw: Stone             |    40 |    58 |    10 ||   108
       Throwing net      |     1 |       |       ||     1
       Boomerang         |       |       |    11 ||    11
  Use: Scroll            |       |     7 |    11 ||    18
 Stab: Held in net/web   |     1 |       |       ||     1
Armor: Ring mail         |    38 |     2 |       ||    40
       Leather armour    |     2 |       |       ||     2
       Scale mail        |       |    26 |       ||    26
       Chain mail        |       |    96 |   133 ||   229
Dodge: Dodged            |    80 |    84 |    76 ||   240

Table legend:
 A = Non-vault XP
 B = Vault XP
 C = Vault XP percentage of total XP
 D = Non-vault monster count
 E = Vault monster count
 F = Vault count percentage of total count
                 A         B        C        D         E       F
            +---------+---------+-------+---------+---------+-------
      Total |    2669 |    1981 |  42.6 |     133 |       7 |   5.0
            +---------+---------+-------+---------+---------+-------
        D:1 |      17 |       0 |   0.0 |      11 |       0 |   0.0
        D:2 |      76 |       0 |   0.0 |      34 |       0 |   0.0
        D:3 |      37 |       0 |   0.0 |      14 |       0 |   0.0
        D:4 |     349 |       4 |   1.1 |      17 |       1 |   5.6
        D:5 |     825 |       0 |   0.0 |      21 |       0 |   0.0
        D:6 |     218 |       0 |   0.0 |       9 |       0 |   0.0
        D:7 |     897 |    1977 |  68.8 |      26 |       6 |  18.8
        D:8 |     250 |       0 |   0.0 |       1 |       0 |   0.0
            +---------+---------+-------+---------+---------+-------
